 Dungeon Crawl Stone Soup version 0.22.1-2-g9c5b331 (webtiles) character file.

286 diana the Cutter (level 6, -12/47 HPs)
             Began as a Demonspawn Gladiator on Dec 29, 2018.
             Was a Follower of Dithmenos.
             Killed by divine providence
             ... invoked by an orc priest
              (14 damage)
             ... on level 5 of the Dungeon.
             The game lasted 00:03:41 (3408 turns).

diana the Cutter (Demonspawn Gladiator)             Turns: 3408, Time: 00:03:42

Health: -12/47     AC:  5    Str: 16    XL:     6   Next: 8%
Magic:  6/6        EV: 15    Int:  9    God:    Dithmenos [*.....]
Gold:   129        SH:  0    Dex: 15    Spells: 5/5 levels left

rFire    . . .     SeeInvis .   p - +1 short sword (distort)
rCold    . . .     Gourm    .   (no shield)
rNeg     . . .     Faith    .   b - +0 leather armour
rPois    .         Spirit   .   (helmet restricted)
rElec    .         Reflect  .   (no cloak)
rCorr    .         Harm     .   (no gloves)
MR       .....                  g - +1 pair of boots
Stlth    +.........             (no amulet)
HPRegen  0.15/turn              (no ring)
MPRegen  0.10/turn              (no ring)

@: lethally poisoned (-12 -> -18), wreathed by umbra
A: horns 1, repulsion field 1, rot immunity
a: Renounce Religion


You were on level 5 of the Dungeon.
You worshipped Dithmenos.
Dithmenos was aware of your devotion.
You were very hungry.

You visited 1 branch of the dungeon, and saw 5 of its levels.

You collected 129 gold pieces.

Inventory:

Hand Weapons
 a - a +0 rapier
 p - a +1 short sword of distortion (weapon)
Missiles
 d - 3 throwing nets (quivered)
Armour
 b - a +0 leather armour (worn)
 c - a +0 helmet
 g - a +1 pair of boots (worn)
Scrolls
 h - a scroll of remove curse
 j - a scroll of enchant weapon {unknown}
 k - a scroll of teleportation
 m - 2 scrolls of identify {unknown}
 n - a scroll of magic mapping {unknown}
 r - a scroll of enchant armour {unknown}
 u - a scroll of immolation {unknown}
Potions
 l - a potion of brilliance
 q - a potion of agility {unknown}
 s - a potion of flight {unknown}
 v - a potion of magic {unknown}
Comestibles
 f - 7 rations


   Skills:
 + Level 3.3 Fighting
 * Level 4.4 Short Blades
 - Level 1.7 Throwing
 + Level 2.2 Armour
 + Level 3.6 Dodging


You had 5 spell levels left.
You didn't know any spells.
Your spell library was empty.

Dungeon Overview and Level Annotations

Branches:
Dungeon (5/15)
 Temple: D:4-7

Altars:
Cheibriados
Dithmenos
Gozag
Kikubaaqudgha
Makhleb


Innate Abilities, Weirdness & Mutations

You have a pair of small horns on your head.
You are surrounded by a mild repulsion field. (EV +2)
You are immune to rotting.


Message History

The adder bites you but does no damage.
In your confused state, you trip and fall back down the stairs.
* * * LOW HITPOINT WARNING * * *
You feel less invigorated.
You feel less confused. Something hits you but does no damage.
The centaur zombie hits you.
* * * LOW HITPOINT WARNING * * *
The worker ant closely misses you. The adder bites you but does no damage.
Something hits you.
* * * LOW HITPOINT WARNING * * *
The centaur zombie closely misses you. The worker ant bites you.
* * * LOW HITPOINT WARNING * * *
You are poisoned.
The worker ant poisons you! The adder bites you.
* * * LOW HITPOINT WARNING * * *
Something hits you.
* * * LOW HITPOINT WARNING * * *
The orc priest calls down the wrath of Beogh upon you.
Beogh smites you!
You die...

#.....# #.....#
######++####....## .....
.....#..........# ....
.........##.###.# ....
.........##.##..# ....
.........##.##.## ...
.........##..#>#######..
.......@ao.oo....#...))#
.......ZSo.o._..........
.......o.{..............
......#.................
.....##.................
..#.....................
. ###...................
...####.......(......
### ##........(...(


You could see a worker ant, an orc priest, an orc wizard, an adder, 4 orcs and a
centaur zombie.

Vanquished Creatures
  A howler monkey (D:5)
  3 orc priests
  2 orc wizards (D:4)
  2 adders
  An adder zombie (D:5)
  A worm (D:4)
  2 dart slugs
  3 leopard geckos
  7 orcs
  3 giant cockroaches
  7 goblins
  4 hobgoblins
  3 jackals (D:3)
  2 quokkas
  A ball python (D:4)
  7 bats
  2 frilled lizards (D:2)
  A giant cockroach zombie (D:4)
  7 kobolds
  10 rats
69 creatures vanquished.

Vanquished Creatures (others)
  An orc (D:4)
1 creature vanquished.

Grand Total: 70 creatures vanquished

Notes
Turn   | Place    | Note
-------+----------+-------------------------------------------
     0 | D:1      | diana the Demonspawn Gladiator began the quest for the Orb.
     0 | D:1      | Reached XP level 1. HP: 16/16 MP: 1/1
   156 | D:1      | Gained mutation: You are surrounded by a mild repulsion
                  | field. (EV +2) [demonic ancestry]
   156 | D:1      | Reached XP level 2. HP: 12/22 MP: 2/2
   318 | D:1      | Reached skill level 3 in Short Blades
  1044 | D:2      | Reached skill level 1 in Armour
  1044 | D:2      | Reached XP level 3. HP: 21/28 MP: 3/3
  1375 | D:2      | Found a shadowy altar of Dithmenos.
  1400 | D:2      | Became a worshipper of Dithmenos the Shadowed
  2247 | D:3      | Found a burning altar of Makhleb.
  2292 | D:3      | Found an ancient bone altar of Kikubaaqudgha.
  2470 | D:3      | Gained mutation: You are immune to rotting. [demonic
                  | ancestry]
  2470 | D:3      | Reached XP level 4. HP: 9/34 MP: 4/4
  2787 | D:3      | Found an opulent altar of Gozag.
  2803 | D:3      | Reached * piety under Dithmenos
  3048 | D:4      | Gained mutation: You have a pair of small horns on your
                  | head. [demonic ancestry]
  3048 | D:4      | Reached XP level 5. HP: 31/40 MP: 5/5
  3054 | D:4      | Reached skill level 4 in Short Blades
  3069 | D:4      | HP: 2/41 [orc priest/enchanted whip (7)]
  3082 | D:5      | Entered Level 5 of the Dungeon
  3347 | D:5      | Found a snail-covered altar of Cheibriados.
  3379 | D:5      | Reached XP level 6. HP: 47/47 MP: 6/6
  3408 | D:5      | HP: 2/47 [something (4)]
  3408 | D:5      | Killed from afar by an orc priest

Skill      XL: |  1  2  3  4  5 |
---------------+----------------+-----
Short Blades   | 3 4 |  4.4
Armour         | 1 2 |  2.2
Dodging        | 3 |  3.6
Fighting       | 3 |  3.3
Throwing       | |  1.7

Action                   |  1- 3 |  4- 6 || total
-------------------------+-------+-------++-------
Melee: Rapier            |   161 |     2 ||   163
       Short sword       |       |    65 ||    65
       Headbutt          |       |     5 ||     5
  Use: Scroll            |       |     3 ||     3
       Potion            |       |     6 ||     6
 Stab: Sleeping          |     1 |       ||     1
  Eat: Chunk             |     5 |     2 ||     7
Armor: Leather armour    |    43 |    13 ||    56
Dodge: Dodged            |   143 |    56 ||   199
